 Dungeon Crawl Stone Soup version 0.26-a0-667-g9264253 (webtiles) character file.

Game seed: 7361266115636324557

2151 Mopster the Fighter (level 9, -1/59 HPs)
             Began as a Gargoyle Berserker on Oct 15, 2020.
             Was an Elder of Trog.
             Blown up by Maurice (8 damage)
             ... with a disintegration bolt
             ... on level 9 of the Dungeon on Oct 16, 2020.
             The game lasted 00:43:11 (8556 turns).

Mopster the Fighter (Gargoyle Berserker)            Turns: 8556, Time: 00:43:12

Health: -1/59      AC: 22    Str: 23    XL:     9   Next: 31%
Magic:  9/9        EV:  5    Int: 15    God:    Trog [****..]
Gold:   75         SH:  7    Dex:  9    Spells: 8/8 levels left

rFire    . . .     SeeInvis .   t - +2 war axe (vorpal)
rCold    . . .     Faith    .   f - +0 kite shield
rNeg     + . .     Spirit   .   v - +0 plate armour
rPois    ∞         Reflect  .   q - +1 helmet
rElec    +         Harm     .   (no cloak)
rCorr    .         Rampage  .   g - +0 pair of gloves
MR       .....                  (no boots)
Stlth    ..........             o - amulet of the acrobat
HPRegen  0.19/turn              (no ring)
MPRegen  0.11/turn              I - +6 ring of intelligence

@: berserk cooldown, slowed, very slow
A: negative energy resistance 1, electricity resistance, unbreathing,
petrification resistance, rot immunity, AC +6
a: Berserk, Trog's Hand, Brothers in Arms, Renounce Religion


You were on level 9 of the Dungeon.
You worshipped Trog.
Trog was greatly pleased with you.
You visited 1 branch of the dungeon, and saw 9 of its levels.

You collected 466 gold pieces.
You spent 391 gold pieces at shops.

Inventory:

Hand Weapons
 p - a +0 club
 t - a +2 vorpal war axe (weapon)
 x - the +3 rapier "Xirr" {protect, rN+ MP+9}
   (You found it on level 4 of the Dungeon)

   It grants its wielder temporary protection when it strikes (+7 to AC).
   It protects you from negative energy.
   It affects your magic capacity (+9).
 y - a +0 short sword
 N - a +0 executioner's axe
 O - a +0 broad axe
 P - a +2 whip of venom
Missiles
 r - a throwing net (quivered)
Armour
 a - a +0 leather armour
 e - a +0 chain mail
 f - a +0 kite shield (worn)
 g - a +0 pair of gloves (worn)
 l - a scarf of shadows
 q - a +1 helmet (worn)
 v - a +0 plate armour (worn)
 J - a +0 hat
Jewellery
 c - an uncursed ring of fire
 o - an amulet of the acrobat (around neck)
 I - a +6 ring of intelligence (right hand)
Wands
 j - a wand of random effects (29)
 G - a wand of polymorph (14)
Scrolls
 b - 2 scrolls of immolation
 k - a scroll of blinking
 s - 2 scrolls of remove curse
 u - a scroll of random uselessness
 w - a scroll of enchant weapon
 z - a scroll of fear
 E - 2 scrolls of teleportation
 K - a scroll of magic mapping
 L - 4 scrolls of identify
 M - a scroll of acquirement {unknown}
Potions
 d - 2 potions of berserk rage
 h - 2 potions of heal wounds
 i - 3 potions of invisibility
 m - 3 potions of brilliance {unknown}
 n - a potion of lignification {unknown}
 A - a potion of curing {unknown}
 B - a potion of cancellation {unknown}
 C - 4 potions of haste {unknown}
 D - 2 potions of mutation {unknown}
 F - a potion of degeneration {unknown}
 H - 2 potions of flight {unknown}


   Skills:
 * Level 8.3 Fighting
 * Level 4.6(5.7) Axes
 - Level 5.3(6.3) Maces & Flails
 + Level 5.7 Armour
 + Level 4.3 Dodging


You had 8 spell levels left.
You didn't know any spells.
Your spell library contained the following spells:

 Spells                   Type           Power        Failure   Level
 Beastly Appendage        Tmut           #.....       100%        1
 Sting                    Tmut/Pois      #...         100%        1
 Poisonous Vapours        Pois/Air       #.....       100%        2
 Wereblood                Tmut           #.......     100%        2
 Ignite Poison            Fire/Tmut/Pois #.......     100%        3
 Mephitic Cloud           Conj/Pois/Air  #.......     100%        3
 Spider Form              Tmut/Pois      #.........   100%        3
 Ice Form                 Ice/Tmut       #.......     100%        4
 Olgreb's Toxic Radiance  Pois           #.......     100%        4
 Blade Hands              Tmut           #.........   100%        5


Dungeon Overview and Level Annotations

Branches:
Dungeon (9/15)             Temple (0/1) D:4
   Lair: D:8-11         Orc: D:9-12

Altars:
Dithmenos
Elyvilon
Fedhas
Hepliaklqana
Nemelex Xobeh
Okawaru
Trog
Wu Jian
Yredelemnul

Shops:
D:4 *   D:7 (:((}

Annotations:
D:9 Maurice


Innate Abilities, Weirdness & Mutations

You are resistant to torment.
Your stone body is resilient. (AC +6)
You are immune to poison.
You resist negative energy. (rN+)
You are resistant to electric shocks. (rElec)
You can survive without breathing.
You are immune to petrification.
You are immune to rotting.


Message History

Something hits you but does no damage. The orc hits you but does no damage.
You barely miss something. You hit the orc but do no damage.
Something hits you but does no damage. You block the orc's attack.
Something hits you but does no damage. The orc hits you with a +0 club.
* * * LOW HITPOINT WARNING * * *
You slash something! You hit the orc. Something hits you but does no damage.
You block the orc's attack. Something hits you but does no damage.
You barely miss something. You hit the orc.
You kill the orc!
Trog accepts your kill.
Something hits you but does no damage. x2
You barely miss something.
Something hits you but does no damage. x2
You hear a zap.
You are blasted!
* * * LOW HITPOINT WARNING * * *
You closely miss something. Something hits you but does no damage.
You slash something!
You hear a zap.
You are blasted!
You die...

#.# #............#
#.# #.#.♣.♣.#....#
#.# #.........#+##
#.# ###########
##.### #### #....#
.....
###....######......
#......#.).........
....#....{@####......
#####....### ....o
#....# .... #....#
### #....# ######


There were no monsters in sight!

Vanquished Creatures
  A water moccasin (D:8)
  An ice beast (D:7)
  An orc warrior (D:9)
  2 ogres
  A necrophage (D:7)
  2 centaurs
  3 bullfrogs
  A scorpion (D:8)
  2 howler monkeys (D:6)
  2 quasits
  4 hounds
  A jelly (D:6)
  3 orc priests
  An orc wizard (D:4)
  A bullfrog skeleton (D:6)
  2 iguanas
  Ijyb (D:4)
  12 worker ants
  A hound skeleton (D:7)
  A mummy (D:7)
  2 howler monkey zombies
  Robin (D:2)
  10 gnolls
  7 adders
  A howler monkey skeleton (D:7)
  A shadow imp (D:9)
  4 white imps
  4 ufetubi
  An ooze (D:6)
  An adder zombie (D:5)
  An adder skeleton (D:7)
  3 worms
  4 dart slugs
  3 leopard geckos
  7 orcs
  A ball python (D:6)
  9 bats
  3 giant cockroaches
  19 goblins
  2 hobgoblins
  8 jackals
  5 quokkas
  5 frilled lizards
  A hobgoblin zombie (D:7)
  5 kobolds
  A kobold zombie (D:7)
  A leopard gecko skeleton (D:5)
  2 orc zombies (D:7)
  9 rats
164 creatures vanquished.

Notes
Turn   | Place    | Note
-------+----------+-------------------------------------------
     0 | D:1      | Mopster the Gargoyle Berserker began the quest for the Orb.
     0 | D:1      | Reached XP level 1. HP: 14/14 MP: 1/1
   236 | D:1      | Reached XP level 2. HP: 7/19 MP: 2/2
   941 | D:2      | Reached XP level 3. HP: 23/23 MP: 3/3
   963 | D:2      | Reached ** piety under Trog
  1140 | D:2      | Found a blossoming altar of Fedhas.
  1268 | D:2      | Reached XP level 4. HP: 29/29 MP: 4/4
  1268 | D:2      | Noticed Robin
  1281 | D:2      | Killed Robin
  1281 | D:2      | Reached skill level 4 in Fighting
  1710 | D:3      | Reached XP level 5. HP: 25/33 MP: 5/5
  1863 | D:3      | Found a bloodstained altar of Trog.
  1963 | D:3      | Reached *** piety under Trog
  2326 | D:4      | Noticed Ijyb
  2338 | D:4      | Killed Ijyb
  2510 | D:4      | Reached XP level 6. HP: 37/40 MP: 6/6
  2588 | D:4      | Reached skill level 5 in Fighting
  2597 | D:4      | Found a staircase to the Ecumenical Temple.
  2609 | D:4      | Got a fine rapier
  2610 | D:4      | Identified the +3 rapier "Xirr" {protect, rN+ MP+9} (You
                  | found it on level 4 of the Dungeon)
  2888 | D:4      | Reached skill level 5 in Maces & Flails
  3010 | D:4      | Reached XP level 7. HP: 34/44 MP: 7/7
  3290 | D:4      | Found Ceolol's Assorted Antiques.
  3301 | D:4      | Bought a notched opal ring for 125 gold pieces
  3575 | D:5      | Entered Level 5 of the Dungeon
  3739 | D:5      | Found a sparkling altar of Nemelex Xobeh.
  4355 | D:6      | Reached skill level 6 in Fighting
  4495 | D:6      | Reached skill level 1 in Axes
  4715 | D:6      | Reached XP level 8. HP: 49/52 MP: 8/8
  5241 | D:4      | Bought a scroll of remove curse for 75 gold pieces
  5241 | D:4      | Bought a scroll of remove curse for 75 gold pieces
  5828 | D:7      | Found Illixaf's Antique Weapon Boutique.
  5898 | D:7      | Reached skill level 7 in Fighting
  5978 | D:7      | Reached **** piety under Trog
  6029 | D:7      | Found Xymurch's Weapon Emporium.
  6035 | D:7      | Reached skill level 5 in Armour
  6420 | D:7      | Found Puisell's Gadget Shop.
  6520 | D:7      | Found Gofih's Book Shop.
  6523 | D:7      | Found Baqim's Antique Weapon Boutique.
  6743 | D:7      | Reached XP level 9. HP: 43/58 MP: 9/9
  7087 | D:8      | Found a hazy altar of Hepliaklqana.
  7087 | D:8      | Found an iron altar of Okawaru.
  7089 | D:8      | Found a shadowy altar of Dithmenos.
  7089 | D:8      | Found a white marble altar of Elyvilon.
  7091 | D:8      | Found an ornate altar of the Wu Jian Council.
  7091 | D:8      | Found a basalt altar of Yredelemnul.
  7194 | D:8      | Reached skill level 8 in Fighting
  8159 | D:7      | Bought a broad axe for 116 gold pieces
  8404 | D:9      | Found an iron altar of Okawaru.
  8527 | D:9      | Noticed Maurice
  8556 | D:9      | Blown up by Maurice

Illustrated notes

Levels and vault maps discovered:
D:1:      heliophobic_arrival_dark_side_of_the_moon, layout_loops_ring
D:2:      layout_rooms, fedhas_altar_4, uniq_robin
D:3:      layout_basic, nicolae_overflow_crystal_walls
D:4:      layout_layer_cave, temple_pool_b, serial_shops, shop,
          chequers_serial_rivers_small_a, kennysheep_generic_room_7, uniq_ijyb
D:5:      layout_gridville, kennysheep_little_box
D:6:      layout_gridville
D:7:      layout_basic, serial_shops, shop, nicolae_shop_behind_doors,
          nicolae_shop_statue_plus, shop, shop, minmay_mini_ossuary
D:8:      layout_cave_pods, grunt_temple_overflow_open
D:9:      layout_roguey, nicolae_qazlal_style_of_elements, okawaru_trees_1,
          uniq_maurice

Skill      XL: |  1  2  3  4  5  6  7  8  9 |
---------------+----------------------------+-----
Dodging        | 2 3 4 |  4.3
Fighting       | 4 5 6 7 8 |  8.3
Maces & Flails | 4 5 |  5.3
Armour         | 3 4 5 |  5.7
Axes           | 1 3 4 |  4.6

Action                   |  1- 3 |  4- 6 |  7- 9 || total
-------------------------+-------+-------+-------++-------
Melee: Mace              |   103 |   173 |       ||   276
       Rapier            |       |    39 |    47 ||    86
       War axe           |       |       |   205 ||   205
       Broad axe         |       |       |     4 ||     4
Invok: Berserk           |     1 |     4 |     8 ||    13
  Use: Scroll            |       |     3 |    12 ||    15
Armor: Chain mail        |    68 |   131 |    70 ||   269
       Animal skin       |     1 |       |       ||     1
       Ring mail         |    35 |     5 |       ||    40
       Skin              |       |       |     1 ||     1
       Leather armour    |       |       |    69 ||    69
       Plate armour      |       |       |    28 ||    28
Dodge: Dodged            |    62 |    71 |   114 ||   247
Block: Kite shield       |    54 |    62 |   133 ||   249

Table legend: (Time is in decaauts)
 A = Elapsed time spent in this place.
 B = Non-inter-level travel time spent in this place.
 C = Inter-level travel time spent in this place.
 D = Time resting spent in this place.
 E = Time spent auto-exploring this place.
 F = Levels seen in this place.
 G = Mean time per level.
                   A        B        C        D        E       F      G
               +--------+--------+--------+--------+--------+-----+--------+
         Total |   8841 |   6693 |   2148 |     14 |   5159 |   9 |  982.3 |
       Dungeon |   8841 |   6693 |   2148 |     14 |   5159 |   9 |  982.3 |
               +--------+--------+--------+--------+--------+-----+--------+

Top non-repeatable levels by time:
     D:7: 1606 daAuts
     D:4: 1479 daAuts
     D:6: 1476 daAuts
     D:1: 948 daAuts
     D:5: 868 daAuts
     D:8: 798 daAuts
     D:2: 776 daAuts
     D:3: 679 daAuts
     D:9: 208 daAuts
